 Dungeon Crawl Stone Soup version 0.25-a0-42-g6c54e25894 (webtiles) character file.

Game seed: 14560736042944044303, levelgen mode: deterministic

1111 Arixos the Conjurer (level 8, -2/81 HPs)
             Began as an Octopode Conjurer on Oct 23, 2019.
             Slain by an orc warrior
             ... wielding a +0 mace
              (7 damage)
             ... on level 5 of the Dungeon.
             The game lasted 00:35:31 (5998 turns).

Arixos the Conjurer (Octopode Conjurer)             Turns: 5998, Time: 00:35:32

Health: -2/81      AC: 24    Str:  5 (7)  XL:     8   Next: 33%
Magic:  15/15      EV:  2    Int: 25 (27) God:
Gold:   190        SH:  0    Dex: 11 (12) Spells: 11/17 levels left

rFire    . . .     SeeInvis .   r - +2 dagger (flame)
rCold    + . .     Gourm    .   (no shield)
rNeg     + + +     Faith    .   (helmet currently unavailable)
rPois    +         Spirit   .   e - amulet of magic regeneration
rElec    .         Reflect  .   a - ring of protection from cold
rCorr    .         Harm     .   q - ring of flight
MR       .....     NoTele   +   (no ring)
Stlth    ++........             (no ring)
HPRegen  0.23/turn              (no ring)
MPRegen  0.39/turn              (no ring)
                                (no ring)
                                (no ring)

@: brilliant, tree-form
A: almost no armour, stealthy swim, (amphibious), 8 rings, (constrict 8), clever
1, wild magic 1, MP-powered wands
a: no special abilities


You were on level 5 of the Dungeon.
You were very hungry.
You were a tree.
You visited 1 branch of the dungeon, and saw 6 of its levels.
You also visited: Sewer.

You collected 315 gold pieces.
You spent 125 gold pieces at shops.

Inventory:

Hand Weapons
 r - a +2 dagger of flaming (weapon)
Missiles
 d - 3 atropa-tipped darts (quivered)
Armour
 v - a +0 buckler
Jewellery
 a - a ring of protection from cold (left branch)
 e - an amulet of magic regeneration (around neck)
 q - a ring of flight (right branch)
Wands
 f - a wand of flame (25)
Scrolls
 g - 4 scrolls of identify
 i - 2 scrolls of fog {unknown}
 j - 2 scrolls of blinking {unknown}
 l - a scroll of teleportation {unknown}
 o - 2 scrolls of noise {unknown}
 p - a scroll of enchant weapon {unknown}
 t - 2 scrolls of remove curse
 u - 2 scrolls of fear {unknown}
 w - a scroll of enchant armour {unknown}
 x - a scroll of amnesia {unknown}
Potions
 c - 2 potions of degeneration
 k - 2 potions of lignification
 m - a potion of might {unknown}
Miscellaneous
 n - a lightning rod (4/4)
Comestibles
 b - 12 rations


   Skills:
 + Level 3.9 Fighting
 + Level 4.4 Dodging
 - Level 2.6 Stealth
 * Level 0.9 Shields
 * Level 5.0 Spellcasting
 + Level 5.7 Conjurations
 + Level 3.1 Hexes
 + Level 0.7 Air Magic


You had 11 spell levels left.
You knew the following spells:

 Your Spells              Type           Power        Failure   Level  Hunger
a - Shock                 Conj/Air       ####         1%          1    None
b - Magic Dart            Conj           ####         1%          1    None
f - Fulminant Prism       Conj/Hex       ######....   2%          4    ####...

Your spell library contained the following spells:

 Spells                   Type           Power        Failure   Level  Hunger
 Searing Ray              Conj           ######       1%          2    None
 Swiftness                Chrm/Air       ####....     1%          2    None
 Dazzling Spray           Conj/Hex       ######       1%          3    ##.....
 Static Discharge         Conj/Air       #####...     1%          3    ##.....
 Iskenderun's Mystic Bla  Conj           ######..     1%          4    ####...
 Force Lance              Conj/Tloc      #####...     4%          4    ####...
 Airstrike                Air            ####......   9%          4    ####...
 Lightning Bolt           Conj/Air       #####.....   9%          5    #####..


Dungeon Overview and Level Annotations

Branches:
Dungeon (6/15)              Sewer (visited)
 Temple: D:4-7

Altars:
Gozag
Qazlal
Sif Muna
Trog

Shops:
D:4 *

Annotations:
D:3 1 runed translucent door, Crazy Yiuf
D:6 Eustachio


Innate Abilities, Weirdness & Mutations

You cannot wear most types of armour.
You are very stealthy in the water. (Stealth+)
((You are amphibious.))
You can wear up to eight rings at the same time.
((You can use your tentacles to constrict eight enemies at once.))
((Your skin changes colour to match your surroundings (Stealth+).))
((Your rubbery body absorbs attacks. (AC +1, EV +1)))
Your mind is acute. (Int +2)
Your spells are a little harder to cast, but a little more powerful.
You expend magic power (3 MP) to strengthen your wands.


Message History

The orc warrior is heavily wounded.
You hit the orc warrior but do no damage.
The orc warrior is heavily wounded.
The orc warrior hits you with a +0 mace!
* * * LOW HITPOINT WARNING * * *
You barely miss the orc warrior.
The orc warrior is heavily wounded.
The orc warrior hits you but does no damage.
You hit the orc warrior but do no damage.
The orc warrior is heavily wounded.
The orc warrior hits you but does no damage.
It was a potion of mutation.
You feel extremely strange.
You feel clever.
You feel less in control of your magic.
You feel your magical essence link to the dungeon's wands.
The orc warrior hits you with a +0 mace.
* * * LOW HITPOINT WARNING * * *
It was a potion of brilliance.
You feel clever all of a sudden.
The orc warrior hits you with a +0 mace!
You die...

.....>...# #..# #.#.# #
.........#########..# #.#.# #
.####.###.......##..### #.#.###
.# ##.###.............# #.#....
.###...##.......##..#.# #.#####
........#.............# #)# #
.#.##.#....[....#####.# #.# #
...............o#####.# #.# #
.#[.#.#.........♣.....#####.#####
....#...........####.............
.##..#.......#........#####.#####
............................#
#####.######.########.####### ###
#..........# ############


You could see an orc warrior.

Vanquished Creatures
  A water moccasin (D:2)
  An ogre (D:5)
  A centaur (D:5)
  A bullfrog (Sewer)
  A scorpion (D:5)
  A crimson imp (D:5)
  A centaur zombie (D:5)
  A hound (D:4)
  2 orc priests
  5 orc wizards
  2 bullfrog skeletons (D:5)
  2 worker ants (D:4)
  A hound skeleton (D:4)
  4 river rats (D:3)
  13 adders
  3 shadow imps (D:3)
  3 worms
  3 dart slugs
  5 leopard geckos
  10 orcs
  3 ball pythons (Sewer)
  9 bats
  12 giant cockroaches
  13 goblins
  13 hobgoblins
  2 jackals (D:5)
  9 kobolds
  2 quokkas
  8 frilled lizards
  A quokka skeleton (D:4)
  9 rats
142 creatures vanquished.

Vanquished Creatures (others)
  5 fulminant prisms
5 creatures vanquished.

Grand Total: 147 creatures vanquished

Notes
Turn   | Place    | Note
-------+----------+-------------------------------------------
     0 | D:1      | Arixos the Octopode Conjurer began the quest for the Orb.
     0 | D:1      | Reached XP level 1. HP: 11/11 MP: 3/3
   138 | D:1      | Reached XP level 2. HP: 18/18 MP: 0/5
   700 | D:2      | Reached skill level 1 in Fighting
   813 | D:2      | Reached XP level 3. HP: 13/23 MP: 1/6
  1055 | D:2      | Noticed a water moccasin
  1100 | D:2      | Found a stormy altar of Qazlal.
  1387 | D:2      | Reached XP level 4. HP: 28/28 MP: 3/7
  1470 | D:2      | Learned a level 4 spell: Fulminant Prism
  1973 | D:3      | Reached XP level 5. HP: 12/34 MP: 3/9
  2131 | D:3      | Found a glowing drain.
  2156 | Sewer    | Entered a sewer
  2289 | Sewer    | Reached skill level 1 in Hexes
  2333 | Sewer    | Reached XP level 6. HP: 30/41 MP: 5/10
  2574 | D:3      | Found a transporter.
  2601 | D:3      | Found a transporter.
  2662 | D:3      | Reached skill level 5 in Conjurations
  2892 | D:2      | Killed a water moccasin
  2902 | D:2      | Reached XP level 7. HP: 30/45 MP: 0/12
  3383 | D:3      | Found a runed translucent door.
  3384 | D:3      | Noticed Crazy Yiuf
  4195 | D:4      | Found Rukhyod's Assorted Antiques.
  4199 | D:4      | Bought an encrusted moonstone ring for 125 gold pieces
  4345 | D:4      | Found an opulent altar of Gozag.
  4551 | D:4      | Found a shimmering blue altar of Sif Muna.
  4927 | D:5      | Entered Level 5 of the Dungeon
  5008 | D:5      | Learned a level 1 spell: Shock
  5052 | D:5      | Reached XP level 8. HP: 52/52 MP: 2/14
  5440 | D:5      | Found a bloodstained altar of Trog.
  5954 | D:6      | Reached skill level 5 in Spellcasting
  5959 | D:6      | Noticed Eustachio
  5997 | D:5      | Gained mutation: Your mind is acute. (Int +2) [potion of
                  | mutation]
  5997 | D:5      | Gained mutation: Your spells are a little harder to cast,
                  | but a little more powerful. [potion of mutation]
  5997 | D:5      | Gained mutation: You expend magic power (3 MP) to
                  | strengthen your wands. [potion of mutation]
  5998 | D:5      | Slain by an orc warrior

Levels and vault maps discovered:
D:1:      ebering_trefoil_twist, layout_basic
D:2:      layout_basic, grunt_qazlal_clouds, serial_forest,
          infiniplex_forest_straight_2, infiniplex_forest_lined_room_2,
          infiniplex_forest_clump_medium, infiniplex_forest_lined_room_2,
          infiniplex_forest_split, infiniplex_forest_straight_3
D:3:      gammafunk_wand_slinger, layout_loops_ring, portal_sewer_entry_e,
          st_stairs_14, uniq_crazy_yiuf_cottage
D:4:      layout_basic, chequers_temple_overflow_statue_of_worship,
          serial_shops, nicolae_shop_crystal, st_stairs_2
D:5:      layout_loops_ring, first_ration, minmay_misc_feat_iff,
          small_statue_intersection, trog_hazing_becter
D:6:      layout_rooms, dancing_weapons_uskayaw, nicolae_overflow_hidden_temple,
          serial_shops, shop, uniq_eustachio

Skill      XL: |  1  2  3  4  5  6  7  8 |
---------------+-------------------------+-----
Fighting       | 1 2 3 |  3.9
Dodging        | 3 4 |  4.4
Hexes          | 1 2 3 |  3.1
Spellcasting   | 3 4 5 |  5.0
Conjurations   | 5 |  5.7
Stealth        | |  2.6
Shields        | |  0.9
Air Magic      | |  0.7

Action                   |  1- 3 |  4- 6 |  7- 9 || total
-------------------------+-------+-------+-------++-------
Melee: Unarmed           |     4 |    15 |       ||    19
       Constrict         |     1 |     8 |     9 ||    18
       Tentacles         |     1 |     3 |     7 ||    11
       Long sword        |       |     1 |     8 ||     9
       Dagger            |       |       |    36 ||    36
Throw: Dart              |       |     3 |     3 ||     6
 Cast: Magic Dart        |    64 |   177 |    99 ||   340
       Fulminant Prism   |       |     2 |     3 ||     5
       Shock             |       |       |    66 ||    66
  Use: Scroll            |       |     3 |       ||     3
       Potion            |       |       |     4 ||     4
  Eat: Chunk             |     2 |     5 |     9 ||    16
Armor: Skin              |     1 |     5 |    14 ||    20
Dodge: Dodged            |    12 |    38 |    48 ||    98
       Rpst.: Long sword |       |     1 |     2 ||     3

Table legend:
 A = Non-vault XP
 B = Vault XP
 C = Vault XP percentage of total XP
 D = Non-vault monster count
 E = Vault monster count
 F = Vault count percentage of total count
                 A         B        C        D         E       F
            +---------+---------+-------+---------+---------+-------
      Total |    1248 |     340 |  21.4 |     103 |      39 |  27.5
            +---------+---------+-------+---------+---------+-------
        D:1 |      29 |       0 |   0.0 |      17 |       0 |   0.0
        D:2 |     243 |       0 |   0.0 |      29 |       0 |   0.0
        D:3 |      63 |     154 |  71.0 |      22 |      14 |  38.9
        D:4 |     345 |      36 |   9.4 |      20 |       2 |   9.1
        D:5 |     490 |      12 |   2.4 |      13 |       6 |  31.6
        D:6 |      78 |       0 |   0.0 |       2 |       0 |   0.0
      Sewer |       0 |     138 | 100.0 |       0 |      17 | 100.0
            +---------+---------+-------+---------+---------+-------
